 Dungeon Crawl Stone Soup version 0.24-a0-769-g368c1644f8 (webtiles) character file.

Game seed: 6421420156723494843, levelgen mode: deterministic

3716 HumanIsDead the Cleaver (level 10, -3/111 HPs)
             Began as a Human Artificer on Oct 5, 2019.
             Was a Believer of Trog.
             Slain by a warg (13 damage)
             ... on level 7 of the Dungeon.
             The game lasted 00:36:08 (11369 turns).

HumanIsDead the Cleaver (Human Artificer)          Turns: 11369, Time: 00:36:08

Health: -3/111     AC: 13    Str: 22    XL:     10   Next: 36%
Magic:  12/12      EV: 13    Int: 13    God:    Trog [**....]
Gold:   403        SH:  0    Dex: 15    Spells: 9/9 levels left

rFire    . . .     SeeInvis .   w - +0 war axe
rCold    . . .     Gourm    .   (no shield)
rNeg     . . .     Faith    .   x - +1 ring mail {MR+}
rPois    .         Spirit   .   (no helmet)
rElec    .         Reflect  .   t - +0 cloak
rCorr    .         Harm     .   R - +0 pair of gloves
MR       +....                  s - +0 pair of boots
Stlth    ..........             (no amulet)
HPRegen  0.00/turn              (no ring)
MPRegen  0.13/turn              y - +2 ring of protection

@: berserking, starving, lightly drained, very quick
A: molten scales 1, thin skeletal structure 1, clever 1, inhibited regeneration
a: Berserk, Trog's Hand, Renounce Religion


You were on level 7 of the Dungeon.
You worshipped Trog.
Trog was pleased with you.
You were starving.

You visited 2 branches of the dungeon, and saw 9 of its levels.

You collected 403 gold pieces.

Inventory:

Hand Weapons
 h - a +1 antimagic short sword
 r - a +1 dagger of venom
 w - a +0 war axe (weapon)
 F - a cursed -3 hunting sling
Missiles
 b - 5 curare-tipped darts
 o - 200 stones
 N - 13 poisoned darts (quivered)
Armour
 s - a +0 pair of boots (worn)
 t - a +0 cloak (worn)
 u - a +2 ring mail of cold resistance
 x - a +1 ring mail of magic resistance (worn)
 D - a +0 chain mail
 R - a +0 pair of gloves (worn)
Jewellery
 p - an uncursed ring of wizardry
 y - a +2 ring of protection (right hand)
Wands
 c - a wand of flame (9)
 d - a wand of enslavement (14)
 e - a wand of random effects (57)
 G - a wand of disintegration (13)
 M - a wand of paralysis (12)
Scrolls
 a - 4 scrolls of identify {unknown}
 g - 2 scrolls of magic mapping
 i - 5 scrolls of teleportation
 k - 2 scrolls of remove curse
 B - 2 scrolls of random uselessness {unknown}
 C - a scroll of amnesia {unknown}
 E - a scroll of enchant weapon {unknown}
 I - a scroll of blinking {unknown}
 K - a scroll of noise {unknown}
 Q - a scroll of immolation {unknown}
Potions
 j - a potion of agility {unknown}
 l - a potion of brilliance {unknown}
 m - 2 potions of might {unknown}
 n - 2 potions of invisibility {unknown}
 q - 2 potions of lignification {unknown}
 v - a potion of resistance {unknown}
 z - 4 potions of heal wounds
 A - a potion of curing {unknown}
 H - 2 potions of cancellation {unknown}
 L - a potion of ambrosia {unknown}
 O - a potion of flight {unknown}
 P - a potion of degeneration {unknown}
Comestibles
 f - 9 rations


   Skills:
 - Level 5.0(4.6) Fighting
 - Level 1.0(0.7) Short Blades
 * Level 12.2(11.8) Axes
 - Level 5.0(4.7) Dodging
 - Level 1.0(0.7) Stealth
 - Level 3.0(2.7) Evocations


You had 9 spell levels left.
You didn't know any spells.
Your spell library contained the following spells:

 Spells                   Type           Power        Failure   Level  Hunger
 Animate Skeleton         Necr           N/A          45%         1    ##.....
 Apportation              Tloc           #.....       45%         1    ##.....
 Confusing Touch          Hex            #.....       45%         1    ##.....
 Freeze                   Ice            #...         45%         1    ##.....
 Summon Small Mammal      Summ           #...         45%         1    ##.....
 Throw Frost              Conj/Ice       #.....       58%         2    ###....
 Ozocubu's Armour         Chrm/Ice       #.......     83%         3    ####...
 Summon Ice Beast         Ice/Summ       #.......     99%         4    #####..
 Throw Icicle             Conj/Ice       #.......     99%         4    #####..


Dungeon Overview and Level Annotations

Branches:
Dungeon (8/15)             Temple (1/1) D:4            Lair (0/6) D:8

Altars:
Ashenzari
Dithmenos
Elyvilon
Gozag
Hepliaklqana
Kikubaaqudgha
Nemelex Xobeh
Okawaru
Qazlal
Ru
Sif Muna
Trog
Uskayaw
Vehumet
Wu Jian
Xom
Yredelemnul
Zin
The Shining One

Annotations:
D:6 2 transporters, topfpfpflanze's ghost, amateur DEEE


Innate Abilities, Weirdness & Mutations

You are partially covered in molten scales. (AC +2)
You have a somewhat thin skeletal structure. (Dex +2, Stealth)
Your mind is acute. (Int +2)
You do not regenerate when monsters are visible.


Message History

You barely miss the wight. You hit the warg.
The warg bites you but does no damage. The wight hits you but does no damage.
The warg bites you.
* * * LOW HITPOINT WARNING * * *
Unknown command.
You closely miss the warg.
The warg is severely wounded.
You hit the wight. The wight closely misses you.
The warg bites you but does no damage.
You closely miss the warg.
The warg is severely wounded.
You hit the wight. The warg bites you!
* * * LOW HITPOINT WARNING * * *
The wight closely misses you.
Unknown command.
A red film seems to cover your vision as you go berserk!
You feel yourself moving faster!
You feel mighty!
You are starving!
The warg bites you!
You die...

###..# ##..................##
###....# #.................###
.......## ##...####..........#
........###...## ##.[......##
#####....#...######.........#
##.......##.............#
#.....................##
##.........))h.........#
#.....[.....@..........#
##...........z.........###
#.......##...............##
####.......####..............###
..........## ##...............##
.........## ##...####..)#......
##.......# #...## #...######.
###....## #...# ##...## ##
##......## ##..## ##...# ##.


You could see a warg and a wight.

Vanquished Creatures
  Sigmund (D:3)
  4 yaks (D:7)
  A warg (D:7)
  Menkaure (D:6)
  2 ice beasts (D:7)
  An orc warrior (D:7)
  An ogre (D:7)
  A phantom (D:6)
  5 sky beasts
  A centaur (D:5)
  3 bullfrogs
  A gnoll sergeant (D:5)
  2 scorpions
  5 killer bees (D:7)
  8 wights
  A howler monkey (D:5)
  2 crimson imps
  A bullfrog zombie (D:6)
  2 orc priests
  2 centaur skeletons
  2 hounds
  A jelly (D:6)
  7 orc wizards
  An iguana (D:6)
  3 worker ants
  A hound zombie (D:6)
  A worker ant zombie (D:6)
  7 gnolls
  9 adders
  A shadow imp (D:4)
  2 oozes
  An adder skeleton (D:5)
  A worm (D:2)
  2 dart slugs
  2 leopard geckos
  11 orcs
  5 giant cockroaches
  2 goblins (D:1)
  5 hobgoblins
  8 jackals
  9 kobolds
  5 quokkas
  5 ball pythons
  7 bats
  6 frilled lizards
  A quokka skeleton (D:4)
  A quokka zombie (D:5)
  4 rats
155 creatures vanquished.

Notes
Turn   | Place    | Note
-------+----------+-------------------------------------------
     0 | D:1      | HumanIsDead the Human Artificer began the quest for the
                  | Orb.
     0 | D:1      | Reached XP level 1. HP: 15/15 MP: 3/3
   322 | D:1      | Reached XP level 2. HP: 21/21 MP: 1/4
   768 | D:1      | Reached XP level 3. HP: 25/27 MP: 1/5
  2250 | D:2      | Gained mutation: Armour fits poorly on your strangely
                  | shaped body. [potion of mutation]
  2250 | D:2      | Gained mutation: You are agile. (Dex +2) [potion of
                  | mutation]
  2250 | D:2      | Lost mutation: You are agile. (Dex +2) [potion of mutation]
  2250 | D:2      | Gained mutation: You have large cloven feet. [potion of
                  | mutation]
  2250 | D:2      | HP: 1/28 [poisoned by an adder]
  2254 | D:2      | Reached XP level 4. HP: 29/34 MP: 2/6
  2302 | D:2      | Lost mutation: You have large cloven feet. [potion of
                  | mutation]
  2302 | D:2      | Lost mutation: Armour fits poorly on your strangely shaped
                  | body. [potion of mutation]
  2302 | D:2      | Gained mutation: You are somewhat resistant to further
                  | mutation. [potion of mutation]
  2302 | D:2      | Gained mutation: Your body sometimes deteriorates upon
                  | taking damage. [potion of mutation]
  2302 | D:2      | Gained mutation: Your mind is acute. (Int +2) [potion of
                  | mutation]
  2315 | D:2      | Lost mutation: Your body sometimes deteriorates upon taking
                  | damage. [potion of mutation]
  2315 | D:2      | Lost mutation: You are somewhat resistant to further
                  | mutation. [potion of mutation]
  2315 | D:2      | Lost mutation: Your mind is acute. (Int +2) [potion of
                  | mutation]
  2315 | D:2      | Gained mutation: Armour fits poorly on your strangely
                  | shaped body. [potion of mutation]
  2315 | D:2      | Gained mutation: You occasionally shout uncontrollably at
                  | your foes. [potion of mutation]
  2315 | D:2      | Gained mutation: Your muscles are strong. (Str +2) [potion
                  | of mutation]
  2315 | D:2      | Gained mutation: Your muscles are very strong. (Str +4)
                  | [potion of mutation]
  2347 | D:2      | Lost mutation: Armour fits poorly on your strangely shaped
                  | body. [potion of mutation]
  2347 | D:2      | Lost mutation: Your muscles are very strong. (Str +4)
                  | [potion of mutation]
  2347 | D:2      | Lost mutation: You occasionally shout uncontrollably at
                  | your foes. [potion of mutation]
  2347 | D:2      | Lost mutation: Your muscles are strong. (Str +2) [potion of
                  | mutation]
  2347 | D:2      | Gained mutation: You do not regenerate when monsters are
                  | visible. [potion of mutation]
  2347 | D:2      | Gained mutation: Your mind is acute. (Int +2) [potion of
                  | mutation]
  2347 | D:2      | Gained mutation: You have a somewhat thin skeletal
                  | structure. (Dex +2, Stealth) [potion of mutation]
  2347 | D:2      | Gained mutation: You are partially covered in molten
                  | scales. (AC +2) [potion of mutation]
  2380 | D:2      | Found a sacrificial altar of Ru.
  2813 | D:3      | Noticed Sigmund
  3140 | D:3      | Killed Sigmund
  3140 | D:3      | Reached XP level 5. HP: 30/42 MP: 2/7
  3140 | D:3      | Reached XP level 6. HP: 34/48 MP: 2/8
  3788 | D:3      | Found a shadowy altar of Dithmenos.
  3972 | D:4      | Found a staircase to the Ecumenical Temple.
  3995 | Temple   | Entered the Ecumenical Temple
  4217 | Temple   | Became a worshipper of Trog the Wrathful
  4445 | D:4      | Found a hazy altar of Hepliaklqana.
  4621 | D:4      | Reached skill level 1 in Axes
  4621 | D:4      | Reached XP level 7. HP: 44/55 MP: 9/9
  4663 | D:4      | Reached skill level 5 in Dodging
  5011 | D:4      | Found a glowing golden altar of the Shining One.
  5049 | D:5      | Entered Level 5 of the Dungeon
  5147 | D:4      | Reached skill level 2 in Axes
  5695 | D:5      | Reached skill level 5 in Fighting
  5695 | D:5      | Reached skill level 3 in Axes
  5949 | D:5      | Found an iron altar of Okawaru.
  5968 | D:5      | Reached skill level 4 in Axes
  5982 | D:5      | Reached XP level 8. HP: 27/62 MP: 10/10
  6470 | D:5      | Reached skill level 5 in Axes
  6994 | D:5      | Reached skill level 6 in Axes
  7401 | D:5      | Reached skill level 7 in Axes
  7569 | D:5      | Reached * piety under Trog
  7987 | D:6      | Reached XP level 9. HP: 62/68 MP: 11/11
  8029 | D:6      | Found a sacrificial altar of Ru.
  8051 | D:6      | Noticed Menkaure
  8075 | D:6      | Killed Menkaure
  8075 | D:6      | Reached skill level 8 in Axes
  8226 | D:6      | Noticed a gargoyle
  8231 | D:6      | Found a transporter.
  8231 | D:6      | Noticed topfpfpflanze's ghost (amateur DEEE)
  8237 | D:6      | Found a transporter.
  8460 | D:6      | Reached skill level 9 in Axes
  8555 | D:6      | Found a sparkling altar of Nemelex Xobeh.
  8924 | D:7      | Reached skill level 10 in Axes
  9020 | D:7      | Reached ** piety under Trog
  9616 | D:7      | Reached XP level 10. HP: 45/74 MP: 12/12
  9621 | D:7      | Reached skill level 11 in Axes
 10105 | D:7      | HP: 3/74 [bullfrog (7)]
 11116 | D:7      | Reached skill level 12 in Axes
 11279 | D:8      | Found a staircase to the Lair.
 11369 | D:7      | Slain by a warg

Levels and vault maps discovered:
D:1:      evilmike_arrival_crescent, layout_loops_corners
D:2:      layout_rooms, nicolae_ru_the_path_less_chosen, hangedman_glass_teeth
D:3:      layout_rooms, nicolae_dithmenos_shadow_blocks, uniq_sigmund
D:4:      layout_loops_corners, marbit_many_paths, lemuel_round_altar,
          minmay_temple_entry_offerings
D:5:      layout_cave_pools, overflow_temple_1_default, first_ration,
          chequers_serial_rivers_micro_a, minmay_fractal_squares_diagonal_5
D:6:      layout_cave_pools, lemuel_doored_altar, basic_altar,
          gammafunk_ghost_arena, uniq_menkaure
D:7:      layout_layer_cave
D:8:      layout_basic, makhleb_heckhound_becter, erik_lair_orcish_takeover,
          serial_shops, shop_statue, uniq_prince_ribbit1
Temple:   nicolae_temple_figure_eight

Skill      XL: |  1  2  3  4  5  6  7  8  9 10 |
---------------+-------------------------------+-----
Fighting       | 2 4 5 |  5.0
Dodging        | 3 4 5 |  5.0
Axes           | 1 4 7 10 12 | 12.2
Short Blades   | |  1.0
Stealth        | |  1.0
Evocations     | |  3.0

Action                   |  1- 3 |  4- 6 |  7- 9 | 10-12 || total
-------------------------+-------+-------+-------+-------++-------
Melee: Short sword       |   136 |   120 |    40 |       ||   296
       Kick              |       |     1 |       |       ||     1
       War axe           |       |    34 |   312 |    65 ||   411
       Dagger            |       |    16 |    43 |     6 ||    65
Throw: Stone             |     1 |       |       |       ||     1
       Dart              |       |       |     2 |       ||     2
Invok: Berserk           |       |       |     1 |     1 ||     2
Evoke: Wand              |     1 |     3 |     6 |     1 ||    11
  Use: Potion            |     2 |     3 |     1 |     1 ||     7
       Scroll            |       |     3 |     1 |     1 ||     5
 Stab: Sleeping          |     2 |     3 |     1 |       ||     6
       Confused          |       |     2 |       |       ||     2
       Paralysed         |       |       |       |     3 ||     3
  Eat: Ration            |     1 |     1 |     2 |       ||     4
       Chunk             |     1 |     4 |    10 |     5 ||    20
Armor: Leather armour    |    18 |    23 |       |       ||    41
       Ring mail         |       |    22 |   230 |    48 ||   300
Dodge: Dodged            |    84 |   128 |   346 |    50 ||   608

Table legend:
 A = Non-vault XP
 B = Vault XP
 C = Vault XP percentage of total XP
 D = Non-vault monster count
 E = Vault monster count
 F = Vault count percentage of total count
                 A         B        C        D         E       F
            +---------+---------+-------+---------+---------+-------
      Total |    4618 |     691 |  13.0 |     144 |      11 |   7.1
            +---------+---------+-------+---------+---------+-------
        D:1 |      36 |       0 |   0.0 |      18 |       0 |   0.0
        D:2 |      53 |       0 |   0.0 |      17 |       0 |   0.0
        D:3 |     127 |     231 |  64.5 |      22 |       1 |   4.3
        D:4 |     238 |       0 |   0.0 |      11 |       0 |   0.0
        D:5 |     944 |      90 |   8.7 |      23 |       6 |  20.7
        D:6 |     959 |     165 |  14.7 |      24 |       1 |   4.0
        D:7 |    2261 |     205 |   8.3 |      29 |       3 |   9.4
            +---------+---------+-------+---------+---------+-------
